 Dungeon Crawl Stone Soup version 0.17-a0-1508-ge7f3dc3 (webtiles) character file.

46512 urechis the Nimble (level 14, -13/94 HPs)
             Began as a Kobold Berserker on July 10, 2015.
             Was a High Priest of Trog.
             Killed from afar by an ice dragon (52 damage)
             ... with a blast of cold
             ... on level 15 of the Dungeon.
             The game lasted 01:00:43 (16352 turns).

urechis the Nimble (Kobold Berserker)              Turns: 16352, Time: 01:00:43

Health: -13/94     AC: 13    Str: 21    XL:     14   Next: 76%
Magic:  18/18      EV: 32    Int:  5    God:    Trog [*****.]
Gold:   1034       SH:  8    Dex: 25    Spells: 0 memorised, 13 levels left

rFire  . . .     SeeInvis +     a - +10 short sword of Defiance {flame, Str+5}
rCold  . . .     Clarity  .     U - +2 leather armour of the Burgomaster {Stlth+}
rNeg   . . .     SustAt   .     Z - +0 buckler
rPois  .         Gourm    .     F - +2 helmet
rElec  .         Spirit   .     A - +1 cloak of the Cuttlefish {Dex+2}
rCorr  +         Warding  .     B - +0 pair of gloves
rMut   .         Stasis   .     J - +1 pair of boots
MR     +++..                    u - amulet of resist corrosion
Stlth  ++++++++..               I - ring of see invisible
                                G - +3 ring of dexterity

@: exhausted, regenerating, slowed, very slow, extremely resistant to hostile
enchantments, extraordinarily stealthy
A: carnivore 3
a: Burn Spellbooks, Berserk, Trog's Hand, Brothers in Arms, Renounce Religion


You were on level 15 of the Dungeon.
You worshipped Trog.
Trog was extremely pleased with you.
You were very full.

You visited 1 branch of the dungeon, and saw 15 of its levels.
You also visited: Sewer.

You collected 1282 gold pieces.
You spent 248 gold pieces at shops.

Inventory:

Hand weapons
 a - the +10 short sword of Defiance (weapon) {flame, Str+5}
   (You bought it in a shop on level 10 of the Dungeon)

   It has been specially enchanted to burn those struck by it, causing extra
   injury to most foes and up to half again as much damage against particularly
   susceptible opponents.
   It affects your strength (+5).
Armour
 A - the +1 cloak of the Cuttlefish (worn) {Dex+2}
   (You found it on level 4 of the Dungeon)

   It affects your dexterity (+2).
 B - a +0 pair of gloves (worn)
 F - a +2 helmet (worn)
 J - a +1 pair of boots (worn)
 U - the +2 leather armour of the Burgomaster (worn) {Stlth+}
   (You found it on level 7 of the Dungeon)

   It makes you more stealthy.
 Z - a +0 buckler (worn)
Rods
 b - a +0 rod of clouds (12/12)
   (You found it on level 5 of the Dungeon)
Jewellery
 u - an amulet of resist corrosion (around neck)
 y - an uncursed ring of protection from fire {unknown}
 E - an uncursed ring of sustain attributes
 G - a +3 ring of dexterity (left hand)
 I - a ring of see invisible (right hand)
Magical devices
 e - a wand of heal wounds (6)
 n - a wand of digging (19)
 q - a wand of heal wounds (2)
 x - a wand of fireball (11)
 P - a wand of fireball (14)
 V - a wand of lightning (6)
 W - a wand of disintegration (12)
Scrolls
 d - 3 scrolls of enchant weapon
 f - 4 scrolls of blinking
 g - 2 scrolls of enchant armour
 h - a scroll of brand weapon {unknown}
 i - 2 scrolls of remove curse
 j - 3 scrolls of recharging
 k - a scroll of magic mapping {unknown}
 l - 7 scrolls of teleportation
 o - 3 scrolls of silence {unknown}
 s - 2 scrolls of amnesia {unknown}
 D - 2 scrolls of fog
 K - 2 scrolls of fear
 O - a scroll of random uselessness {unknown}
Potions
 m - 6 potions of curing
 r - 5 potions of heal wounds
 t - 2 potions of might {unknown}
 v - a potion of resistance {unknown}
 z - 2 potions of brilliance
 L - 3 potions of flight
 M - 3 potions of invisibility
 Q - a potion of cancellation {unknown}
 R - 3 potions of agility
 S - a potion of mutation {unknown}
 X - 2 potions of magic {unknown}
 Y - 5 potions of berserk rage
Comestibles
 c - 12 meat rations
 p - 2 royal jellies
 w - a beef jerky
 C - 7 chunks of flesh
 T - 2 slices of pizza


   Skills:
 + Level 13.0 Fighting
 - Level 14.0 Short Blades
 - Level 2.0 Armour
 + Level 14.9 Dodging
 + Level 14.4 Stealth
 - Level 6.0 Shields
 - Level 6.0 Evocations


You had 13 spell levels left.
You didn't know any spells.

Dungeon Overview and Level Annotations

Branches:
Dungeon (15/15)            Temple (0/1) D:5            Lair (0/8) D:10
    Orc (0/4) D:12         Vaults (0/5) D:13         Depths (0/5) D:15

Altars:
Ashenzari
Cheibriados
Dithmenos
Elyvilon
Fedhas
Makhleb
Ru
Zin

Shops:
D:10 (

Portals:
Trove: D:13 (show slimy rune of Zot)


Innate Abilities, Weirdness & Mutations

You are small and have problems with some larger weapons.
You are carnivorous and can eat meat at any time.


Message History

You see here a fire dragon corpse.
You butcher the fire dragon corpse.
You enjoyed that.
C - 7 chunks of flesh
There are no items here.
You start resting.
You feel a strong urge to attack something.
You start resting.
You are no longer berserk.
You are exhausted.
You feel yourself slow down.
You start resting.
Use which ability? (? or * to list)
Your skin crawls.
You feel resistant to hostile enchantments.
You feel slightly less full.
Use which ability? (? or * to list) You're too exhausted to go berserk.
The ice dragon breathes frost at you. The blast of cold hits you!
Ouch! That really hurt!
You die...

......................#########..
################'######..........
#.......#.####..... #.......'.#
#...## #.###...#.# #...## .......
###>##..#.####..... #.....#
##...####.......... #.....##
#$.#D$# ##'######.. #......#
#$@#.$# #.......#.. #....<.#
#$.#.$# #.......#.. #......#
#$D#.$# #.......#.. #......#
#..#..# #.......#.. ###'########
##...## #.......#..
...........######.#####.......#..
)..........#...##.#...........#..
...........#......#...........#.#
...........#...8..#...........#.#


You could see an ice dragon.

Vanquished Creatures
  An ogre mage (D:15)
  A fire dragon (D:15)
  3 vault guards (D:13)
  2 hydras
  The ghost of amnekian the Carver, an experienced HuFi of Gozag (D:10)
  5 centaur warriors
  The ghost of namelastname112 the Covert, an experienced DrVM of Gozag (D:9)
  5 skeletal warriors (D:13)
  4 unseen horrors
  A wizard (D:14)
  Pikel (D:4)
  An orc knight (D:15)
  9 hill giants
  3 manticores (D:13)
  An orc sorcerer (D:15)
  A necromancer (D:13)
  3 ugly things
  A cyclops (D:11)
  A griffon (D:15)
  3 centaur zombies
  A kobold demonologist (D:14)
  The ghost of amnekian the Slasher, an experienced HuFi of Fedhas (D:5)
  A komodo dragon (D:14)
  2 trolls
  An efreet (D:14)
  A merfolk (D:14)
  Prince Ribbit (D:7)
  4 two-headed ogres
  A trapdoor spider zombie (D:13)
  9 slime creatures
  A shadow (D:15)
  A trapdoor spider (D:14)
  20 humans (D:13)
  A vampire (D:15)
  3 wyverns
  2 deep elf magi
  2 hungry ghosts (D:10)
  A hippogriff (shapeshifter) (D:15)
  A steam dragon (D:8)
  11 yaks
  4 hippogriffs
  Menkaure (D:7)
  A soldier ant (D:13)
  9 vampire mosquitoes
  Edmund (D:4)
  2 water moccasins
  A soldier ant (shapeshifter) (D:9)
  A black bear (D:8)
  11 orc warriors
  5 necrophages (D:8)
  3 sky beasts
  A phantom (D:3)
  3 ice beasts
  A wasp (D:11)
  16 ogres
  2 crocodiles
  16 centaurs
  A gnoll sergeant (D:8)
  Blork the orc (D:4)
  7 giant frogs
  3 big kobolds
  A wyvern zombie (D:13)
  A scorpion (D:6)
  22 killer bees
  3 wights (D:9)
  5 crimson imps
  6 hounds
  6 iguanas
  3 gnoll shamans (D:7)
  2 centaur skeletons
  A giant frog zombie (D:10)
  4 jellies
  4 orc priests
  7 orc wizards
  A killer bee zombie (D:8)
  6 worker ants
  3 sheep (D:11)
  A hound zombie (D:5)
  2 mummies (D:8)
  11 adders
  17 gnolls
  5 oozes
  An adder skeleton (D:5)
  6 worms
  9 giant geckos
  27 orcs
  28 bats
  13 giant cockroaches
  12 goblins
  14 hobgoblins
  16 jackals
  15 kobolds
  3 quokkas
  3 ball pythons
  4 giant newts
  A quokka zombie (D:7)
  11 rats
  A butterfly (D:5)
  2 plants (D:10)
480 creatures vanquished.

Vanquished Creatures (others)
  An orc (D:13)
  A ball python (D:4)
  A bat zombie (D:7)
  A hobgoblin (D:4)
  A giant cockroach (D:4)
  6 fungi (D:7)
  8 plants (D:7)
19 creatures vanquished.

Grand Total: 499 creatures vanquished

Notes
Turn   | Place    | Note
--------------------------------------------------------------
     0 | D:1      | urechis the Kobold Berserker began the quest for the Orb.
     0 | D:1      | Reached XP level 1. HP: 14/14 MP: 1/1
    58 | D:1      | Reached skill level 1 in Stealth
    94 | D:1      | Reached XP level 2. HP: 14/19 MP: 2/2
   213 | D:1      | Reached XP level 3. HP: 20/23 MP: 3/3
   927 | D:2      | Acquired Trog's second power
   927 | D:2      | Reached XP level 4. HP: 28/28 MP: 4/4
  1058 | D:2      | Reached skill level 5 in Stealth
  1429 | D:3      | Reached skill level 6 in Stealth
  1437 | D:3      | Reached XP level 5. HP: 32/32 MP: 5/5
  1574 | D:3      | Found a shattered altar of Ashenzari.
  1590 | D:3      | Reached skill level 7 in Stealth
  2014 | D:4      | Noticed a phantom
  2018 | D:4      | Noticed Edmund
  2056 | D:3      | Killed a phantom
  2056 | D:3      | Reached skill level 8 in Stealth
  2056 | D:3      | Reached XP level 6. HP: 12/37 MP: 6/6
  2334 | D:4      | Noticed an ogre
  2336 | D:4      | Killed an ogre
  2463 | D:4      | Killed Edmund
  2463 | D:4      | Reached skill level 5 in Short Blades
  2463 | D:4      | Reached XP level 7. HP: 44/44 MP: 7/7
  2479 | D:4      | Noticed Blork the orc
  2502 | D:4      | Noticed Pikel
  2503 | D:4      | Killed Blork the orc
  2514 | D:4      | Noticed a slave
  2515 | D:4      | Noticed a slave
  2515 | D:4      | Noticed a slave
  2516 | D:4      | Noticed a slave
  2518 | D:4      | Killed Pikel
  2518 | D:4      | Reached XP level 8. HP: 48/52 MP: 8/8
  2966 | D:4      | Found a blossoming altar of Fedhas.
  3128 | D:4      | Got a spiked cloak
  3134 | D:4      | Identified the +1 cloak of the Cuttlefish {Dex+2} (You found it on level 4 of the Dungeon)
  3236 | D:5      | Entered Level 5 of the Dungeon
  3577 | D:5      | Noticed amnekian's ghost (experienced HuFi)
  3594 | D:5      | Killed amnekian's ghost
  3594 | D:5      | Reached skill level 9 in Short Blades
  3594 | D:5      | Reached XP level 9. HP: 57/57 MP: 9/9
  3824 | D:5      | Found a sacrificial altar of Ru.
  4151 | D:5      | Reached skill level 10 in Short Blades
  4320 | D:5      | Found a staircase to the Ecumenical Temple.
  4442 | D:6      | Identified a +0 rod of clouds (12/12) (You found it on level 5 of the Dungeon)
  4693 | D:6      | Acquired Trog's third power
  4749 | D:6      | Found a shadowy altar of Dithmenos.
  4751 | D:6      | Found a snail-covered altar of Cheibriados.
  4757 | D:6      | Found a white marble altar of Elyvilon.
  4866 | D:6      | Found a glowing drain.
  4899 | Sewer    | Entered a sewer
  6450 | D:7      | Reached skill level 5 in Dodging
  6530 | D:7      | Got a faintly humming leather armour
  6541 | D:7      | Noticed Menkaure
  6543 | D:7      | Killed Menkaure
  6756 | D:7      | Noticed Prince Ribbit
  6767 | D:7      | Killed Prince Ribbit
  6767 | D:7      | Reached XP level 10. HP: 66/66 MP: 10/10
  7015 | D:8      | Found a burning altar of Makhleb.
  7015 | D:8      | Noticed an Executioner
  7018 | D:8      | Noticed a smoke demon
  7261 | D:7      | Reached skill level 10 in Fighting
  7703 | D:8      | Identified the +2 leather armour of the Burgomaster {Stlth+} (You found it on level 7 of the Dungeon)
  7988 | D:8      | Reached skill level 10 in Stealth
  8383 | D:7      | Reached skill level 1 in Shields
  8561 | D:7      | Received a gift from Trog
  9094 | D:9      | Reached XP level 11. HP: 65/72 MP: 11/11
  9270 | D:9      | Found a glowing silver altar of Zin.
  9395 | D:9      | Noticed namelastname112's ghost (experienced DrVM)
  9441 | D:9      | Killed namelastname112's ghost
  9441 | D:9      | Reached skill level 10 in Dodging
  9527 | D:9      | Reached skill level 1 in Evocations
  9832 | D:10     | Entered Level 10 of the Dungeon
  9958 | D:10     | Noticed a hill giant
  9972 | D:10     | Killed a hill giant
  9972 | D:10     | Reached skill level 5 in Shields
 10083 | D:10     | Received a gift from Trog
 10093 | D:10     | Noticed amnekian's ghost (experienced HuFi)
 10144 | D:10     | Killed amnekian's ghost
 10250 | D:10     | Noticed a five-headed hydra
 10323 | D:10     | Killed a five-headed hydra
 10323 | D:10     | Reached skill level 5 in Evocations
 10412 | D:10     | Found Dooxzo's Antique Weapon Boutique.
 10415 | D:10     | Bought a crude short sword for 248 gold pieces
 10415 | D:10     | Identified the +10 short sword of Defiance {flame, Str+5} (You bought it in a shop on level 10 of the Dungeon)
 10462 | D:10     | Noticed an unseen horror
 10465 | D:10     | Noticed a brown ugly thing
 10507 | D:10     | Killed an unseen horror
 10519 | D:10     | Killed a brown ugly thing
 10556 | D:10     | Reached XP level 12. HP: 77/77 MP: 16/16
 10696 | D:10     | Found a staircase to the Lair.
 11114 | D:11     | Reached skill level 11 in Short Blades
 12055 | D:12     | Reached skill level 12 in Short Blades
 12489 | D:12     | Found a staircase to the Orcish Mines.
 12696 | D:13     | Noticed a skeletal warrior
 12697 | D:13     | Noticed a skeletal warrior
 12697 | D:13     | Noticed a skeletal warrior
 12715 | D:13     | Killed a skeletal warrior
 12715 | D:13     | Reached skill level 13 in Short Blades
 12742 | D:13     | Killed a skeletal warrior
 12795 | D:13     | Received a gift from Trog
 12855 | D:13     | Killed a skeletal warrior
 12894 | D:13     | Noticed a skeletal warrior
 12895 | D:13     | Noticed a skeletal warrior
 12896 | D:13     | Noticed a six-headed hydra
 12939 | D:13     | Killed a skeletal warrior
 12939 | D:13     | Reached XP level 13. HP: 71/82 MP: 17/17
 12951 | D:13     | Killed a skeletal warrior
 12951 | D:13     | Reached skill level 14 in Short Blades
 13089 | D:13     | Killed a six-headed hydra
 13640 | D:13     | Found a gate to the Vaults.
 13640 | D:13     | Noticed a vault guard
 13640 | D:13     | Noticed a vault guard
 13640 | D:13     | Noticed a vault guard
 13674 | D:13     | Killed a vault guard
 13683 | D:13     | Killed a vault guard
 13712 | D:13     | Killed a vault guard
 13884 | D:13     | Noticed a centaur warrior
 13886 | D:13     | Killed a centaur warrior
 14085 | D:13     | Found a portal to a secret trove of treasure.
 14156 | D:13     | Received a gift from Trog
 14300 | D:14     | Reached XP level 14. HP: 91/91 MP: 18/18
 15309 | D:15     | Entered Level 15 of the Dungeon
 16319 | D:15     | Found a staircase to the Depths.
 16352 | D:15     | Killed from afar by an ice dragon

Vault maps used:
D:1:      dpeg_arrival_chambers_temple_mockup, st_stairs_1
D:2:      first_bread
D:3:      overflow_temple_1_default
D:4:      fedhas_altar_2, uniq_edmund, uniq_pikel, uniq_blork_the_orc
D:5:      kennysheep_mini_moat, minmay_temple_entry_butterflies
D:6:      minitemple, gup_sewer_entry_glass, nicolae_ossuary_entry_plus
D:7:      kennysheep_seaside_town, uniq_menkaure, uniq_prince_ribbit1
D:8:      makhleb_altar_promises_db, serial_undead, serial_undead_d,
          serial_undead_d, serial_undead_e, serial_undead_a
D:9:      basic_altar
D:10:     dpeg_oklobed_lair, serial_shops, nicolae_shop_behind_doors
D:12:     orc_0_dummy
D:13:     grunt_vaults_entry_tiered, enter_trove_3
D:14:     hangedman_fish_farm
D:15:     grunt_enter_depths_hoard, solitary_fountain, roderic_aztec_sauvastika
Sewer:    sewer_fruit_machine

Action                   |  1- 3 |  4- 6 |  7- 9 | 10-12 | 13-15 || total
-------------------------+-------+-------+-------+-------+-------++-------
Melee: Short sword       |    76 |       |       |   249 |   532 ||   857
       Dagger            |       |   153 |   315 |   646 |       ||  1114
       Rapier            |       |       |       |    64 |    27 ||    91
 Fire: Blowgun           |       |       |       |     2 |       ||     2
Throw: Tomahawk          |       |       |     3 |       |       ||     3
Invok: Berserk           |       |     3 |     9 |    19 |    11 ||    42
       Trog's Hand       |       |     1 |     3 |    13 |     5 ||    22
       Burn Spellbooks   |       |       |       |     2 |       ||     2
  Use: Scroll            |       |       |     7 |     9 |     3 ||    19
       Potion            |       |       |     1 |       |       ||     1
 Stab: Sleeping          |    13 |    16 |    39 |    28 |    41 ||   137
       Distracted        |     1 |     1 |     1 |     7 |     1 ||    11
  Eat: Chunk             |     8 |     7 |    18 |    45 |    23 ||   101
